 Dungeon Crawl Stone Soup version 0.26-a0-664-gc8b27b8fc1 (webtiles) character file.

Game seed: 10763030691212168869

6632 PentaManta the Nimble (level 10, 0/70 HPs)
             Began as a Spriggan Berserker on Oct 13, 2020.
             Was a High Priest of Trog.
             Splashed by an acid dragon's acid (12 damage)
             ... on level 10 of the Dungeon.
             The game lasted 00:26:09 (10149 turns).

PentaManta the Nimble (Spriggan Berserker)         Turns: 10149, Time: 00:26:11

Health: 0/70       AC: -4    Str: 13    XL:     10   Next: 72%
Magic:  11/11      EV: 30    Int:  9    God:    Trog [*****.]
Gold:   539        SH:  0    Dex: 19    Spells: 9/9 levels left

rFire    . . .     SeeInvis +   B - +0 rapier
rCold    . . .     Faith    .   (shield restricted)
rNeg     + . .     Spirit   .   b - +1 animal skin
rPois    .         Reflect  .   (helmet restricted)
rElec    .         Harm     .   z - +0 cloak
rCorr    .         Rampage  .   (gloves unavailable)
MR       +....                  (boots unavailable)
Stlth    ..........             E - amulet of regeneration
HPRegen  0.61/turn              D - ring of stealth
MPRegen  0.12/turn              q - ring of positive energy

@: berserking, corroded, very quick
A: very small, unfitting armour, see invisible, speed 3
a: Berserk, Trog's Hand, Brothers in Arms, Renounce Religion


You were on level 10 of the Dungeon.
You worshipped Trog.
Trog was extremely pleased with you.
You visited 2 branches of the dungeon, and saw 11 of its levels.

You collected 623 gold pieces.
You spent 84 gold pieces at shops.

Inventory:

Hand Weapons
 h - a +1 dagger of speed
 j - the +6 hunting sling "Bimobad" {speed, rN+ Stlth+}
   (You found it on level 4 of the Dungeon)

   Attacks with this weapon are significantly faster.
   It protects you from negative energy.
   It makes you more stealthy.
 n - a +2 whip of flaming
 w - a +3 antimagic flail
 A - a +2 quarterstaff of chaos
 B - a +0 rapier (weapon)
 F - a +0 short sword of protection
Missiles
 f - 3 throwing nets (quivered)
 k - 304 stones
 C - 42 sling bullets
Armour
 b - a +1 animal skin (worn)
 z - a +0 cloak (worn)
Jewellery
 g - an uncursed ring of fire
 i - an uncursed amulet of the acrobat
 q - a ring of positive energy (right hand)
 s - an uncursed ring of ice
 D - a ring of stealth (left hand)
 E - an amulet of regeneration (around neck)
Wands
 e - a wand of iceblast (9)
 y - a wand of digging (11)
Scrolls
 c - 6 scrolls of identify
 d - a scroll of blinking
 l - 3 scrolls of enchant armour
 m - 6 scrolls of teleportation
 o - 7 scrolls of remove curse
 t - a scroll of fog
 G - a scroll of fear {unknown}
 H - 3 scrolls of enchant weapon {unknown}
Potions
 a - a potion of berserk rage {unknown}
 p - 7 potions of degeneration
 r - 2 potions of stabbing
 u - 4 potions of curing
 v - a potion of cancellation
 x - a potion of heal wounds
 I - a potion of might {unknown}


   Skills:
 - Level 2.4 Fighting
 + Level 12.3 Short Blades
 * Level 12.8 Dodging
 + Level 12.4 Stealth


You had 9 spell levels left.
You didn't know any spells.
Your spell library contained the following spells:

 Spells                   Type           Power        Failure   Level
 Corona                   Hex            #......      38%         1
 Ensorcelled Hibernation  Hex/Ice        #.....       52%         2
 Confusing Touch          Hex            #.......     77%         3
 Dazzling Flash           Conj/Hex       #.....       77%         3
 Tukima's Dance           Hex            #.......     77%         3


Dungeon Overview and Level Annotations

Branches:
Dungeon (10/15)            Temple (1/1) D:7
   Lair: D:8-11         Orc: D:9-12

Altars:
Ashenzari
Cheibriados
Dithmenos
Elyvilon
Fedhas
Gozag
Hepliaklqana
Kikubaaqudgha
Makhleb
Nemelex Xobeh
Okawaru
Qazlal
Ru
Sif Muna
Trog
Uskayaw
Vehumet
Wu Jian
Xom
Yredelemnul
Zin
The Shining One

Shops:
D:7 *   D:9 [


Innate Abilities, Weirdness & Mutations

You are very small and have problems with some larger weapons.
You are too small for most types of armour.
You have supernaturally acute eyesight. (SInv)
You cover ground extremely quickly.


Message History

The acid dragon closely misses you.
A red film seems to cover your vision as you go berserk!
You feel yourself moving faster!
You feel mighty! The acid dragon bites you!
The acid dragon completely misses you.
You hit the acid dragon.
The acid dragon is lightly wounded.
You puncture the acid dragon!
The acid dragon is heavily wounded.
The acid dragon misses you. The acid dragon barely misses you.
You closely miss the acid dragon.
The acid dragon is heavily wounded.
You hit the acid dragon but do no damage.
The acid dragon is heavily wounded.
You hit the acid dragon.
The acid dragon is severely wounded.
The acid dragon spits acid at you. The splash of acid hits you!
* * * LOW HITPOINT WARNING * * *
The acid corrodes you!
You are splashed with acid!
You die...

#.≈##############≈.##..##...
#. #≈..#..##..? #
#≈..#..##... #≈.....#....
#≈.....#.... #≈.##..##...
#####++######≈.######...
≈≈≈≈≈..≈≈≈≈≈≈≈......#...
......D@............#...
###........##..##..##...
###########..######... #...#
#.... #...# ##... #...# ####
#...# #...# #...#


You could see an acid dragon (catching breath).

Vanquished Creatures
  An unseen horror (D:10)
  Pikel (D:7)
  2 centaur zombies
  Sigmund (D:4)
  A wyvern (D:10)
  Grum (D:9)
  2 water moccasins
  Edmund (D:4)
  A hornet zombie (D:10)
  5 orc warriors
  A phantom (D:7)
  A necrophage (D:9)
  5 sky beasts
  An ice beast (D:8)
  6 ogres
  2 wolves (D:9)
  A centaur (D:5)
  A lemure (D:7)
  3 bullfrogs
  A wyvern skeleton (D:10)
  2 scorpions (D:4)
  9 killer bees
  5 howler monkeys
  An electric eel (D:10)
  A bullfrog zombie (D:8)
  7 hounds
  A quasit (D:6)
  4 jellies
  6 orc priests
  Crazy Yiuf (D:4)
  11 orc wizards
  A bullfrog skeleton (D:10)
  A gnoll shaman (D:8)
  Natasha (thrice) (D:3)
  2 iguanas
  6 worker ants
  A hound zombie (D:6)
  6 gnolls
  10 adders
  2 white imps (D:9)
  2 ufetubi
  2 oozes
  An adder skeleton (D:5)
  A worm (D:3)
  5 dart slugs
  5 leopard geckos
  32 orcs
  A ball python (D:3)
  4 giant cockroaches
  8 goblins
  14 hobgoblins
  7 jackals (D:4)
  3 quokkas
  13 bats
  5 frilled lizards
  6 kobolds
  A quokka skeleton (D:4)
  A quokka zombie (D:6)
  11 rats
240 creatures vanquished.

Notes
Turn   | Place    | Note
-------+----------+-------------------------------------------
     0 | D:1      | PentaManta the Spriggan Berserker began the quest for the
                  | Orb.
     0 | D:1      | Reached XP level 1. HP: 11/11 MP: 2/2
    67 | D:1      | Reached skill level 1 in Stealth
    77 | D:1      | Reached XP level 2. HP: 16/16 MP: 3/3
   524 | D:1      | Reached XP level 3. HP: 19/19 MP: 4/4
   965 | D:2      | Reached skill level 5 in Dodging
  1096 | D:2      | Found a stormy altar of Qazlal.
  1137 | D:2      | Reached ** piety under Trog
  1408 | D:2      | Found a faded altar of an unknown god.
  1459 | D:2      | Reached XP level 4. HP: 15/23 MP: 5/5
  2132 | D:2      | Found a sparkling altar of Nemelex Xobeh.
  2319 | D:3      | Noticed Natasha
  2328 | D:3      | Killed Natasha
  2328 | D:3      | Reached skill level 5 in Short Blades
  2328 | D:3      | Reached XP level 5. HP: 27/27 MP: 6/6
  2655 | D:3      | Noticed Natasha
  2663 | D:3      | Killed Natasha
  2976 | D:3      | Noticed Natasha
  2986 | D:3      | Killed Natasha
  3532 | D:4      | Noticed an ogre
  3537 | D:4      | Noticed an ogre
  3539 | D:4      | Killed an ogre
  3539 | D:4      | Reached XP level 6. HP: 32/32 MP: 7/7
  3549 | D:4      | Reached skill level 5 in Stealth
  3571 | D:4      | Got a jewelled hunting sling
  3572 | D:4      | Identified the +6 hunting sling "Bimobad" {speed, rN+
                  | Stlth+} (You found it on level 4 of the Dungeon)
  3691 | D:4      | Reached *** piety under Trog
  3691 | D:4      | Reached XP level 7. HP: 35/35 MP: 8/8
  3741 | D:4      | Noticed Edmund
  3747 | D:4      | Killed Edmund
  3858 | D:4      | Found a glowing silver altar of Zin.
  3950 | D:4      | Found a runed translucent door.
  3951 | D:4      | Noticed Crazy Yiuf
  4110 | D:4      | Noticed Sigmund
  4120 | D:4      | Killed Sigmund
  4587 | D:4      | Killed Crazy Yiuf
  4587 | D:4      | Reached XP level 8. HP: 39/39 MP: 9/9
  4650 | D:5      | Entered Level 5 of the Dungeon
  5799 | D:6      | Reached **** piety under Trog
  6059 | D:7      | Found a staircase to the Ecumenical Temple.
  6081 | D:7      | Noticed Pikel
  6169 | D:7      | Killed Pikel
  6169 | D:7      | Reached skill level 10 in Short Blades
  6169 | D:7      | Reached XP level 9. HP: 43/43 MP: 10/10
  6371 | Temple   | Entered the Ecumenical Temple
  6820 | D:7      | Found Cast's General Store.
  6825 | D:7      | Bought a scroll of fog for 24 gold pieces
  6825 | D:7      | Bought a potion of heal wounds for 60 gold pieces
  7185 | D:7      | Reached skill level 10 in Dodging
  7365 | D:8      | Reached skill level 10 in Stealth
  7719 | D:8      | Found a shimmering altar of Xom.
  7909 | D:8      | Reached XP level 10. HP: 47/47 MP: 11/11
  7992 | D:8      | Found a sacrificial altar of Ru.
  8384 | D:9      | Noticed Grum
  8396 | D:9      | Killed Grum
  8519 | D:9      | Found a hide-covered altar of Uskayaw.
  8520 | D:9      | Found an opulent altar of Gozag.
  8587 | D:9      | Found Golude's Armour Boutique.
  8996 | D:10     | Entered Level 10 of the Dungeon
  9080 | D:10     | Noticed an unseen horror
  9437 | D:10     | Reached ***** piety under Trog
  9625 | D:10     | Killed an unseen horror
  9633 | D:10     | Found a shimmering altar of Xom.
 10149 | D:10     | Splashed by an acid dragon's acid

Illustrated notes

Levels and vault maps discovered:
D:1:      lightli_arrival_boilingwater, layout_loops_ring, lemuel_old_faithful
D:2:      layout_basic, lemuel_doored_altar, chequers_ecumenical_altar_grove,
          minmay_misc_feat_tiny, nemelex_diamond_rough_becter
D:3:      layout_loops_ring, serial_bayou_pond_d, guppyfry_early_orc_mine,
          uniq_natasha
D:4:      layout_rooms, overflow_temple_1_default, corexii_hall_statues_x,
          minmay_goblin_kobold_house, uniq_sigmund, uniq_crazy_yiuf_cottage,
          uniq_edmund
D:5:      layout_cave_pools
D:6:      layout_cave_pools
D:7:      layout_basic, temple_pool_b, serial_shops, shop,
          lemuel_flamethrower_2, uniq_pikel
D:8:      layout_loops_cross, xom_teletrap_fun, nicolae_ru_sacrificial_ziggurat
D:9:      layout_basic, grunt_temple_overflow_open, serial_shops, shop_statue,
          uniq_grum
D:10:     layout_gridville, basic_altar, nicolae_lava_and_water,
          nooodl_orcs_dogs
Temple:   eino_temple_scatter_basement

Skill      XL: |  1  2  3  4  5  6  7  8  9 10 |
---------------+-------------------------------+-----
Stealth        | 1 2 3 4 5 7 9 10 12 | 12.4
Short Blades   | 4 5 6 7 10 11 12 | 12.3
Dodging        | 5 6 7 9 11 12 | 12.8
Fighting       | |  2.4

Action                   |  1- 3 |  4- 6 |  7- 9 | 10-12 || total
-------------------------+-------+-------+-------+-------++-------
Melee: Short sword       |    69 |       |       |       ||    69
       Dagger            |    72 |   201 |   603 |       ||   876
       Rapier            |       |       |   163 |   355 ||   518
 Fire: Hunting sling     |       |    10 |       |       ||    10
Invok: Trog's Hand       |     1 |     1 |     4 |     3 ||     9
       Berserk           |       |     8 |    13 |     8 ||    29
  Use: Scroll            |       |       |    14 |       ||    14
 Stab: Sleeping          |     6 |     9 |    15 |     5 ||    35
       Distracted        |     1 |       |     1 |       ||     2
Armor: Animal skin       |    11 |     4 |    12 |    12 ||    39
Dodge: Dodged            |   127 |    99 |   387 |   361 ||   974

Table legend: (Time is in decaauts)
 A = Elapsed time spent in this place.
 B = Non-inter-level travel time spent in this place.
 C = Inter-level travel time spent in this place.
 D = Time resting spent in this place.
 E = Time spent auto-exploring this place.
 F = Levels seen in this place.
 G = Mean time per level.
                   A        B        C        D        E       F      G
               +--------+--------+--------+--------+--------+-----+--------+
         Total |   7152 |   6926 |    226 |    855 |   4280 |  11 |  650.2 |
       Dungeon |   7054 |   6839 |    215 |    855 |   4195 |  10 |  705.4 |
        Temple |     97 |     87 |     10 |      0 |     85 |   1 |   97.0 |
               +--------+--------+--------+--------+--------+-----+--------+

Top non-repeatable levels by time:
     D:2: 987 daAuts
     D:3: 921 daAuts
     D:4: 870 daAuts
     D:7: 733 daAuts
     D:8: 695 daAuts
     D:9: 682 daAuts
     D:1: 679 daAuts
    D:10: 626 daAuts
     D:5: 519 daAuts
     D:6: 338 daAuts
  Temple: 97 daAuts
